Map: Mech Depot LE

Players

TLO - Winner!

  • Race: Zerg Zerg
  • Spawn Location: 1:00

MaNa

  • Race: Protoss Protoss
  • Spawn Location: 7:00

Event: WCS Montreal 2017

VOD

Have the link to the VOD?

Description

Time

  • Played on: Sept. 8, 2017, 11:53 a.m.
  • Length: 18:23

All games in this series

Show
View Real Time Build Order
Export as new Build Order

TLO Zerg - Winner!

Build Orders: Hatch First, Lurkers 

Get SALT Encoding   

  12  0:00  Drone  
  13  0:12  Overlord  
  13  0:16  Drone  
  14  0:31  Drone x2  
  14  0:35  Drone  
  17  0:52  Hatchery  
  17  0:55  Drone  
  17  1:09  Spawning Pool  
  16  1:11  Drone  
  16  1:14  Drone  
  16  1:17  Drone  
  19  1:28  Drone  
  19  1:32  Extractor  
  19  1:39  Overlord  
  19  1:50  Drone  
  20  1:56  Queen  
  20  2:00  Zergling x2  
  23  2:03  Queen  
  23  2:04  Zergling x2  
  26  2:11  Drone  
  27  2:18  Hatchery  
  27  2:22  Drone  
  27  2:27  Drone  
  28  2:30  Drone  
  28  2:35  Queen  
  31  2:44  Overlord  
  31  2:48  Drone  
  32  2:52  Drone  
  32  2:53  Drone  
  32  2:54  Metabolic Boost  
  32  2:58  Drone  
  34  2:59  Drone  
  34  3:04  Drone  
  36  3:06  Drone  
  36  3:08  Drone  
  36  3:09  Drone  
  40  3:12  Zergling x2  
  39  3:20  Overlord, Zergling x2  
  39  3:25  Spore Crawler x2  
  38  3:28  Zergling x2  
  38  3:29  Drone  
  38  3:31  Drone  
  41  3:35  Spore Crawler, Drone  
  41  3:38  Drone  
  41  3:40  Drone  
  42  3:44  Drone, Zergling x2  
  42  3:48  Drone x2  
  45  3:49  Drone  
  45  3:51  Drone  
  45  3:53  Drone x2  
  50  3:56  Drone  
  50  4:01  Lair  
  51  4:05  Extractor, Zergling x4  
  54  4:15  Drone  
  57  4:23  Extractor, Drone  
  57  4:24  Extractor, Overlord  
  57  4:25  Drone  
  57  4:26  Overlord  
  57  4:29  Drone x2  
  57  4:32  Drone  
  57  4:34  Evolution Chamber  
  57  4:37  Drone  
  56  4:42  Overlord, Drone  
  56  4:44  Drone  
  57  4:47  Overlord  
  57  4:48  Drone  
  57  4:49  Drone x2  
  57  4:50  Drone  
  57  4:51  Drone x2  
  57  4:52  Zergling x4  
  65  4:55  Overlord  
  65  5:02  Zergling x6  
  65  5:05  Drone x2  
  69  5:08  Zergling x2  
  69  5:09  Drone  
  69  5:12  Extractor x2  
  69  5:13  Zerg Missile Weapons Level 1  
  69  5:14  Hydralisk Den, Drone  
  66  5:17  Drone  
  66  5:18  Drone  
  66  5:19  Drone  
  70  5:21  Drone  
  70  5:24  Spore Crawler, Drone  
  70  5:25  Drone  
  70  5:28  Drone  
  72  5:29  Drone  
  72  5:31  Drone  
  72  5:35  Overlord  
  74  5:39  Drone x2  
  74  5:41  Overlord  
  76  5:44  Zergling x2  
  76  5:46  Muscular Augments  
  77  5:54  Hydralisk  
  77  5:55  Hydralisk x2  
  77  5:56  Hydralisk  
  80  5:58  Hydralisk  
  80  6:02  Hydralisk  
  82  6:04  Hydralisk  
  82  6:06  Hydralisk  
  82  6:08  Hydralisk  
  88  6:11  Hydralisk  
  88  6:14  Hydralisk  
  88  6:17  Overlord  
  92  6:18  Drone  
  92  6:23  Hydralisk x2  
  92  6:25  Hydralisk  
  97  6:27  Hydralisk  
  97  6:30  Hydralisk  
  98  6:36  Hydralisk  
  98  6:37  Hydralisk  
  97  6:40  Drone x2  
  97  6:42  Drone  
  97  6:43  Drone  
  101  6:47  Baneling Nest, Drone  
  101  6:48  Drone  
  101  6:49  Drone  
  101  6:51  Hydralisk  
  101  6:53  Hydralisk  
  104  6:56  Overlord  
  104  6:59  Hydralisk  
  108  7:06  Hydralisk  
  110  7:09  Zerg Missile Weapons Level 2  
  110  7:11  Drone  
  110  7:13  Zergling x2  
  110  7:14  Hydralisk  
  110  7:15  Hydralisk  
  116  7:17  Hydralisk  
  116  7:19  Hydralisk  
  116  7:22  Zergling x2  
  121  7:26  Overlord  
  121  7:28  Overlord  
  121  7:33  Overlord  
  121  7:36  Centrifical Hooks  
  121  7:38  Overlord  
  121  7:39  Overlord  
  121  7:41  Overlord  
  121  7:44  Hydralisk  
  121  7:45  Hydralisk x2  
  121  7:48  Hydralisk  
  121  7:50  Hydralisk  
  131  7:53  Hydralisk  
  131  7:56  Hydralisk  
  135  7:59  Hydralisk  
  135  8:00  Hydralisk  
  135  8:02  Hydralisk  
  135  8:04  Hydralisk  
  137  8:06  Hydralisk  
  137  8:08  Zergling x2  
  137  8:09  Zergling x2  
  137  8:10  Zergling x2  
  137  8:11  Zergling x2  
  143  8:14  Zergling x2  
  143  8:15  Overseer  
  143  8:16  Overseer  
  143  8:17  Zergling x4  
  143  8:19  Zergling x4  
  148  8:20  Baneling  
  148  8:22  Hydralisk  
  148  8:24  Zergling x2  
  148  8:26  Zergling x2  
  152  8:28  Zergling x2  
  153  8:34  Zergling x2  
  153  8:37  Baneling x5  
  153  8:40  Baneling  
  153  8:41  Hatchery, Baneling x7  
  153  8:42  Zergling x2  
  153  8:43  Zergling x2  
  153  8:44  Zergling x2  
  153  8:45  Baneling  
  153  8:46  Baneling  
  153  8:48  Overlord  
  156  8:51  Hydralisk x2  
  156  8:55  Drone, Zergling x2  
  159  9:00  Zergling x4  
  157  9:05  Zergling x2  
  157  9:07  Zergling x2  
  157  9:09  Hydralisk  
  152  9:16  Hydralisk  
  141  9:19  Hydralisk  
  141  9:20  Hydralisk  
  139  9:27  Hydralisk  
  139  9:29  Zergling x4  
  110  9:38  Queen x3  
  85  9:40  Hydralisk x3  
  94  9:46  Lurker Den  
  94  9:50  Hydralisk x2  
  94  9:52  Zerg Ground Armor Level 1  
  98  9:54  Hydralisk x2, Baneling x6  
  102  10:00  Queen, Hydralisk  
  102  10:01  Drone x2  
  102  10:03  Hydralisk  
  110  10:11  Hydralisk x2  
  114  10:14  Zergling x2  
  114  10:15  Zergling x2  
  114  10:17  Queen  
  114  10:20  Zergling x2  
  119  10:23  Hydralisk x2  
  119  10:25  Pneumatized Carapace  
  119  10:27  Hydralisk  
  125  10:31  Hydralisk  
  125  10:33  Hydralisk  
  123  10:38  Drone x2  
  123  10:42  Hydralisk  
  124  10:44  Drone x2  
  124  10:46  Zergling x2  
  124  10:48  Hydralisk x2  
  133  10:51  Hydralisk  
  133  10:54  Hydralisk  
  137  10:57  Drone  
  137  10:58  Drone, Hydralisk  
  140  11:05  Zergling x2  
  140  11:06  Zergling x4  
  140  11:07  Zergling x4  
  140  11:09  Zergling x4  
  140  11:11  Zergling x2  
  148  11:14  Lurker x5  
  148  11:15  Lurker  
  148  11:17  Zergling x2  
  156  11:18  Zergling x4  
  156  11:22  Lurker  
  156  11:23  Lurker x2  
  150  11:34  Hydralisk  
  150  11:38  Spine Crawler, Drone  
  150  11:39  Zergling x2  
  153  11:40  Spore Crawler, Spine Crawler, Hydralisk x2  
  153  11:44  Hydralisk  
  153  11:46  Hydralisk  
  159  11:56  Hydralisk x2  
  159  12:00  Hydralisk  
  165  12:04  Hydralisk  
  165  12:06  Hydralisk  
  165  12:08  Hydralisk  
  161  12:16  Hydralisk x2  
  161  12:17  Hatchery, Hydralisk x2  
  166  12:24  Hydralisk x2  
  166  12:26  Hydralisk  
  167  12:31  Hydralisk  
  166  12:38  Hydralisk  
  166  12:40  Hydralisk x2  
  166  12:42  Hydralisk  
  163  12:46  Hydralisk  
  163  12:47  Zergling x4  
  163  12:48  Zergling x2  
  163  12:49  Zergling x4  
  166  12:51  Zergling x2  
  166  12:52  Zergling x4  
  166  12:54  Zergling x2  
  166  12:57  Zergling x2, Hydralisk x2  
  155  12:59  Hydralisk  
  155  13:00  Hydralisk  
  155  13:01  Zergling x2  
  155  13:03  Zergling x2  
  155  13:05  Zergling x4  
  139  13:06  Zergling x2  
  139  13:08  Zergling x2, Lurker  
  139  13:10  Hydralisk  
  142  13:14  Zergling x4  
  142  13:16  Zergling x2  
  142  13:19  Zergling x4  
  145  13:20  Zergling x2  
  145  13:22  Zergling x2  
  145  13:24  Zergling x2  
  145  13:25  Hydralisk  
  138  13:31  Zergling x4  
  138  13:32  Queen x2  
  131  13:34  Zergling x2  
  131  13:36  Zergling x2  
  131  13:40  Queen  
  119  13:41  Zergling x2  
  119  13:44  Zergling x2  
  119  13:46  Zergling x2  
  119  13:47  Zergling x2  
  110  13:51  Hydralisk  
  110  13:52  Hydralisk  
  95  13:57  Drone  
  95  13:59  Lurker  
  97  14:04  Baneling x5  
  97  14:05  Zerg Melee Weapons Level 1  
  97  14:06  Hydralisk  
  99  14:10  Hatchery  
  99  14:11  Drone  
  99  14:12  Zergling x4  
  99  14:13  Hydralisk  
  99  14:16  Hydralisk  
  105  14:18  Hydralisk  
  105  14:20  Hydralisk  
  109  14:26  Hydralisk x2  
  109  14:28  Hydralisk  
  115  14:33  Drone  
  115  14:34  Drone x4  
  115  14:37  Hydralisk  
  118  14:41  Hydralisk x2  
  118  14:44  Hydralisk  
  124  14:46  Hydralisk  
  124  14:48  Hydralisk  
  127  14:55  Hydralisk  
  127  14:56  Hydralisk x2  
  127  14:58  Zergling x2  
  131  15:00  Drone x2  
  131  15:03  Hydralisk  
  131  15:05  Zergling x2  
  136  15:08  Hydralisk  
  136  15:09  Lurker x2  
  136  15:11  Lurker  
  136  15:12  Hydralisk  
  141  15:19  Zergling x2  
  141  15:20  Zergling x4  
  138  15:21  Zergling x2  
  138  15:22  Zergling x2  
  138  15:23  Zergling x2  
  138  15:24  Zergling x2  
  138  15:25  Zergling x2  
  138  15:27  Zergling x2  
  140  15:28  Zergling x2  
  140  15:29  Zergling x2  
  140  15:32  Zergling x2  
  140  15:33  Zergling x4  
  140  15:34  Zergling x2  
  140  15:35  Zergling x4  
  137  15:38  Zergling x2  
  137  15:39  Hydralisk  
  135  15:43  Hydralisk  
  135  15:46  Hydralisk  
  120  15:52  Zergling x2  
  120  15:53  Zergling x2  
  120  15:55  Zergling x2  
  120  15:56  Zergling x4  
  121  16:02  Baneling x2  
  121  16:03  Baneling  
  121  16:05  Hydralisk  
  121  16:06  Zergling x2  
  121  16:08  Zergling x2  
  121  16:09  Zergling x2  
  125  16:14  Zergling x2  
  125  16:15  Zergling x2  
  125  16:16  Zergling x2  
  125  16:17  Zergling x2  
  123  16:19  Zergling x2  
  123  16:21  Zergling x2  
  123  16:23  Zergling x2  
  123  16:26  Zergling x2  
  123  16:28  Hydralisk  
  123  16:32  Hydralisk  
  122  16:35  Hydralisk  
  123  16:40  Hydralisk  
  123  16:43  Hydralisk  
  123  16:45  Hydralisk  
  128  16:48  Drone  
  129  17:01  Hatchery  
  129  17:07  Hydralisk  
  129  17:08  Drone  
  131  17:11  Zergling x2  
  131  17:12  Zergling x2  
  131  17:14  Zergling x2  
  134  17:16  Zergling x4  
  134  17:21  Baneling  
  134  17:25  Baneling x2  
  134  17:26  Baneling x4  
  134  17:31  Lurker  
  134  17:32  Lurker x2  
  137  17:39  Hydralisk x2  
  137  17:41  Baneling x2  
  137  17:43  Zergling x2  
  142  17:46  Zergling x2  
  142  17:48  Baneling  
  142  17:49  Baneling  
  143  17:54  Hydralisk  
  143  17:58  Hydralisk x2  
  147  18:02  Baneling x2  
  147  18:03  Baneling x2  
Show
View Real Time Build Order
Export as new Build Order

MaNa Protoss 

Build Orders: 1 Gate Expand, Oracle Opening 

Get SALT Encoding   

  12  0:00  Probe (Chrono Boost)  
  13  0:11  Probe (Chrono Boost)  
  14  0:18  Pylon  
  14  0:22  Probe (Chrono Boost)  
  15  0:36  Probe (Chrono Boost)  
  15  0:39  Gateway  
  16  0:47  Probe (Chrono Boost)  
  16  0:48  Assimilator  
  17  0:57  Probe (Chrono Boost)  
  18  1:08  Probe (Chrono Boost)  
  19  1:18  Probe (Chrono Boost)  
  20  1:26  Nexus  
  20  1:35  Cybernetics Core  
  20  1:39  Probe (Chrono Boost)  
  21  1:45  Assimilator  
  21  1:50  Probe (Chrono Boost)  
  22  1:55  Pylon  
  22  2:00  Probe (Chrono Boost)  
  23  2:13  Probe, Adept (Chrono Boost)  
  26  2:20  Stargate  
  26  2:25  Probe (Chrono Boost)  
  26  2:27  Warp Gate  
  27  2:37  Probe (Chrono Boost)  
  28  2:38  Adept  
  28  2:39  Probe (Chrono Boost)  
  31  2:47  Probe (Chrono Boost)  
  31  2:50  Probe (Chrono Boost)  
  33  2:58  Probe (Chrono Boost)  
  34  3:00  Probe (Chrono Boost)  
  34  3:04  Oracle  
  38  3:08  Probe (Chrono Boost)  
  38  3:11  Probe (Chrono Boost)  
  40  3:19  Probe (Chrono Boost), Gateway  
  41  3:22  Probe (Chrono Boost)  
  41  3:26  Pylon  
  42  3:29  Probe (Chrono Boost)  
  42  3:32  Probe (Chrono Boost)  
  44  3:34  Assimilator  
  44  3:40  Probe (Chrono Boost)  
  45  3:43  Probe (Chrono Boost)  
  45  3:44  Void Ray (Chrono Boost)  
  50  3:50  Probe (Chrono Boost)  
  50  3:51  Assimilator  
  50  3:53  Probe (Chrono Boost)  
  50  3:54  Pylon  
  52  4:04  Stargate, Probe (Chrono Boost)  
  52  4:05  Probe (Chrono Boost)  
  54  4:11  Pylon  
  54  4:15  Probe  
  55  4:18  Probe  
  56  4:25  Probe, Oracle (Chrono Boost)  
  56  4:30  Nexus  
  60  4:34  Adept  
  60  4:36  Adept  
  64  4:41  Pylon  
  64  4:53  Pylon  
  64  4:59  Probe x2, Oracle (Chrono Boost)  
  69  5:06  Oracle (Chrono Boost)  
  70  5:11  Probe  
  70  5:13  Mothership Core  
  73  5:19  Pylon  
  73  5:21  Twilight Council  
  73  5:30  Probe, Oracle (Chrono Boost)  
  73  5:34  Probe  
  78  5:36  Pylon  
  78  5:37  Gateway x2  
  78  5:40  Oracle (Chrono Boost)  
  81  5:44  Gateway  
  81  5:45  Probe, Sentry  
  81  5:46  Probe  
  81  5:47  Probe  
  86  5:56  Probe  
  86  5:59  Probe  
  86  6:01  Oracle (Chrono Boost)  
  86  6:03  Probe  
  90  6:04  Charge (Chrono Boost), Gateway  
  90  6:06  Probe  
  91  6:14  Forge  
  91  6:16  Forge  
  91  6:20  Assimilator x2, Probe  
  91  6:22  Probe x2  
  91  6:33  Oracle  
  91  6:36  Probe  
  91  6:38  Probe x2  
  91  6:39  Oracle  
  97  6:44  Zealot x2  
  101  6:48  Pylon  
  101  6:50  Pylon  
  101  6:52  Zealot, Pylon  
  101  6:53  Zealot x2  
  107  6:57  Protoss Ground Weapons Level 1 (Chrono Boost)  
  103  7:04  Photon Cannon  
  103  7:05  Protoss Ground Armor Level 1 (Chrono Boost)  
  103  7:07  Photon Cannon  
  103  7:12  Zealot  
  103  7:13  Zealot x2  
  109  7:16  Oracle (Chrono Boost)  
  109  7:20  Oracle (Chrono Boost)  
  115  7:26  Pylon  
  115  7:27  Templar Archives  
  115  7:35  Probe x3  
  115  7:37  Photon Cannon  
  118  7:38  Photon Cannon  
  118  7:41  Pylon  
  118  7:45  Zealot x2  
  118  7:46  Zealot  
  118  7:47  Probe  
  118  7:48  Probe  
  118  7:50  Zealot  
  128  7:54  Oracle (Chrono Boost)  
  131  8:00  Psionic Storm  
  131  8:12  High Templar x2  
  129  8:13  Zealot x4, Oracle (Chrono Boost)  
  140  8:25  Photon Cannon x2  
  140  8:26  Oracle (Chrono Boost)  
  143  8:40  High Templar x2, Photon Cannon  
  147  8:42  Photon Cannon  
  147  8:43  Pylon  
  147  8:45  Archon, Pylon  
  147  8:46  Pylon  
  147  8:50  Photon Cannon, Pylon  
  144  9:04  Zealot  
  144  9:05  Zealot x3  
  148  9:14  Zealot  
  128  9:17  Zealot  
  128  9:26  Zealot x2  
  108  9:36  High Templar x2, Zealot  
  106  9:41  Protoss Ground Armor Level 2  
  106  9:42  High Templar  
  108  9:47  Protoss Ground Weapons Level 2  
  108  9:49  High Templar, Robotics Facility  
  108  9:50  High Templar  
  108  9:52  Nexus  
  112  9:55  Archon, Pylon  
  112  9:57  Pylon  
  112  10:04  Sentry  
  114  10:10  Robotics Facility  
  114  10:15  Zealot x3  
  114  10:17  Photon Cannon  
  114  10:19  Photon Cannon, Gateway x2  
  120  10:22  Gateway  
  120  10:25  Oracle x2  
  126  10:42  High Templar x2  
  128  10:46  Photon Cannon, Immortal (Chrono Boost)  
  128  10:47  Archon  
  132  10:53  Zealot x3  
  132  10:55  Photon Cannon  
  138  10:58  Observer (Chrono Boost)  
  139  11:04  Photon Cannon  
  139  11:08  Pylon  
  137  11:18  Immortal (Chrono Boost)  
  141  11:22  Immortal (Chrono Boost)  
  145  11:31  High Templar x2  
  145  11:32  Phoenix  
  149  11:37  Archon  
  149  11:40  Assimilator  
  149  11:42  Assimilator  
  149  11:52  Zealot x7, Immortal (Chrono Boost)  
  161  11:56  Immortal (Chrono Boost)  
  165  12:01  Fleet Beacon  
  162  12:11  Zealot x2  
  164  12:22  Zealot x4  
  172  12:26  Immortal (Chrono Boost)  
  172  12:27  Zealot x2  
  176  12:31  Immortal (Chrono Boost)  
  176  12:33  Zealot x3  
  168  12:48  Zealot x3  
  160  12:58  Zealot x3  
  132  13:00  Immortal (Chrono Boost)  
  132  13:05  Immortal (Chrono Boost)  
  130  13:09  High Templar x2, Zealot  
  130  13:13  Archon  
  130  13:19  Zealot x2  
  109  13:28  Zealot  
  99  13:34  Zealot  
  99  13:35  Immortal (Chrono Boost)  
  99  13:39  Observer (Chrono Boost)  
  99  13:41  Zealot x4  
  86  13:49  Zealot  
  86  13:54  Oracle (Chrono Boost)  
  81  13:57  Observer (Chrono Boost)  
  81  14:01  High Templar x3  
  81  14:02  High Templar  
  90  14:04  Zealot  
  90  14:05  Immortal (Chrono Boost)  
  90  14:08  Mothership Core  
  98  14:14  Pylon  
  98  14:22  Sentry  
  100  14:34  Zealot  
  100  14:38  Zealot x2  
  106  14:45  Nexus  
  106  14:46  High Templar x3  
  106  14:47  High Templar  
  111  14:53  Archon x2  
  111  14:56  Probe  
  111  14:57  Probe x3  
  111  14:59  High Templar x2  
  115  15:04  Archon  
  115  15:06  Zealot  
  117  15:07  Probe  
  117  15:09  Probe x2  
  116  15:17  Observer  
  116  15:19  Zealot  
  116  15:25  Probe  
  110  15:30  Archon  
  98  15:48  High Templar x2, Zealot x3  
  73  16:02  High Templar x2  
  74  16:06  Archon  
  74  16:16  Zealot x3  
  71  16:21  Zealot x3  
  71  16:22  Zealot x2  
  57  16:29  Observer  
  49  16:55  Zealot  
  49  16:56  Zealot x4  
  59  17:01  Assimilator  
  59  17:06  High Templar  
  61  17:17  Archon  
  61  17:19  Zealot  
  63  17:28  Immortal  
  67  17:40  Probe x2  
  69  17:55  Zealot x2  
  73  18:11  Zealot x2  
Tags
 
Add a new tag
Caveats
  • Supply blocks, unpowered buildings, or Contaminate may cause inaccurate times.
  • Supply counts are checked every 10 seconds.